cohdb
Replays
Latest Replays
All Replays
Popular Replays
Top Player Replays
Match Explorer
How It Works
Community
CoH3 Stats
Reddit
Sign in to upload your games and track your stats! →
Sign in with Steam
Match 46310340
Unlisted
Match 46310340
Overview
Messages
Build Orders
End
Construct Infanterie Kompanie
Kettenkrad Recon Vehicle
Grenadier Squad
Grenadier Squad
GrW 34 Mortar Team
Selects Breakthrough Battlegroup
Selects Assault Grenadiers
Construct Luftwaffe Kompanie
Construct Panzergrenadier Kompanie
Panzergrenadier Squad
Selects Breakthrough
Panzergrenadier Squad
Selects Mechanized Assault Group
Pak 40 Anti-tank Gun Team
Mechanized Assault Group
Construct Panzer Kompanie
Pioneer Squad
Selects Rapid Production
Panzer IV Medium Tank
mi prima de Cifuentes
N30N
MyStore
CPU_Eazy
Up
jakubirl
你的磊爸爸
KOR_NONMON
0
0
Comments
sign in to comment!
No comments posted yet!